 Dungeon Crawl Stone Soup version 0.28-a0-823-gb444dcf96d (webtiles) character file.

Game seed: 16554076837393783611

117 ytrimaz the Covered (level 5, -6/42 HPs)
             Began as a Formicid Fighter on Nov 9, 2021.
             Mangled by a gnoll (9 damage)
             ... on level 3 of the Dungeon.
             The game lasted 00:01:50 (2101 turns).

ytrimaz the Covered (Formicid Fighter)              Turns: 2101, Time: 00:01:51

Health: -6/42      AC:  7    Str: 22    XL:     5   Next: 22%
Magic:  5/5        EV: 10    Int:  7    God:
Gold:   929        SH:  4    Dex: 10    Spells: 4/4 levels left

rFire   . . .      SeeInvis +   a - +0 rapier
rCold   . . .      Faith    .   c - +0 buckler
rNeg    . . .      Spirit   .   b - +0 scale mail
rPois   .          Reflect  .   (helmet unavailable)
rElec   .          Harm     .   (no cloak)
rCorr   .          Rampage  .   (no gloves)
Will    .....                   (no boots)
Stlth   ..........              (no amulet)
HPRegen 0.14/turn               (no ring)
MPRegen 0.09/turn               (no ring)

@: mighty
A: permanent stasis, dig shafts and tunnels, antennae 3, four strong arms
a: Dig, Shaft Self


You were on level 3 of the Dungeon.
You visited 1 branch of the dungeon, and saw 3 of its levels.

You collected 929 gold pieces.

Inventory:

Hand Weapons
 a - a +0 rapier (weapon)
Armour
 b - a +0 scale mail (worn)
 c - a +0 buckler (worn)
 l - a +0 kite shield
Potions
 d - a potion of might
 f - a potion of brilliance {unknown}
 g - 2 potions of curing {unknown}
 i - a potion of flight {unknown}
 j - 2 potions of cancellation {unknown}
 m - a potion of haste {unknown}
 n - a potion of degeneration {unknown}


   Skills:
 + Level 3.8 Fighting
 * Level 3.7 Short Blades
 + Level 4.0 Armour
 * Level 1.4 Dodging
 - Level 3.6 Shields


You had 4 spell levels left.
You didn't know any spells.
Your spell library contained the following spells:

 Spells                   Type           Power      Damage    Failure   Level
 Summon Small Mammal      Summ           0%         N/A       75%         1
 Call Canine Familiar     Summ           0%         N/A       98%         3
 Summon Guardian Golem    Hex/Summ       0%         N/A       98%         3


Dungeon Overview and Level Annotations

Branches:
Dungeon (3/15)

Altars:
Vehumet

Annotations:
D:3 Robin


Innate Abilities, Weirdness & Mutations

You cannot be hasted, slowed, berserked, paralysed or teleported.
You can dig through walls and to a lower floor.
You have a pair of large antennae on your head. (SInv)
Your four strong arms can wield two-handed weapons with a shield.


Message History

The goblin hits you with a +0 dagger. The gnoll closely misses you.
The goblin hits you but does no damage. The orc closely misses you.
The goblin hits you but does no damage. The adder bites you.
You are poisoned.
The adder poisons you! The goblin hits you but does no damage.
A hobgoblin comes into view.
You hear a shout!
You hit the adder.
The adder is heavily wounded.
You feel sick. The goblin hits you with a +0 dagger.
A goblin comes into view. It is wielding a +0 dagger.
The adder barely misses you. The gnoll closely misses you.
The orc hits you with a +0 dagger.
The goblin hits you but does no damage. x2
The goblin hits you with a +0 club.
You feel very mighty all of a sudden.
You feel sick.
The goblin shouts!
You hear a shout!
The adder closely misses you. The goblin barely misses you.
The gnoll barely misses you.
A goblin comes into view. It is wielding a +0 club.
The goblin hits you but does no damage. The orc hits you but does no damage.
The goblin completely misses you. The goblin misses you.
The adder bites you but does no damage.
You puncture the adder!
You kill the adder!
You feel sick. The goblin hits you but does no damage.
The gnoll hits you from afar with a +0 halberd!
* * * LOW HITPOINT WARNING * * *
The goblin hits you but does no damage. You block the orc's attack.
The goblin barely misses you.
A hobgoblin comes into view.
The goblin hits you but does no damage.
Unknown command.
The hobgoblin shouts!
You puncture the goblin!
You kill the goblin!
You feel sick.
You are no longer poisoned.
The gnoll hits you from afar with a +0 halberd!
You die...

.. ... ..# ... ##.#
...# .... .##.###....
....# ..##...... #
.....#####........ ...
#......... ##.S#.....
#....w..# ##.<.......
#.....g)###..#.......
#....gg@#............
#....ggoh.....#......
......ggh.............
#....gg..g............
#...g.###......[......
#...g# ..........####
..#.. {..g.........#
.. g.#..........#


You could see a worm, Robin, 2 gnolls, an orc, 2 jackals, 3 hobgoblins and 7
goblins.

Vanquished Creatures
  A hound (D:2)
  Jessica (D:2)
  2 adders
  A worm (D:2)
  3 dart slugs
  4 endoplasms
  2 giant cockroaches (D:1)
  3 hobgoblins
  3 jackals (D:1)
  2 quokkas (D:2)
  2 ball pythons (D:1)
  A frilled lizard (D:1)
  4 goblins
  6 kobolds
  2 rats
37 creatures vanquished.

Notes
Turn   | Place    | Note
-------+----------+-------------------------------------------
     0 | D:1      | ytrimaz the Formicid Fighter began the quest for the Orb.
     0 | D:1      | Reached XP level 1. HP: 18/18 MP: 1/1
   192 | D:1      | Reached XP level 2. HP: 23/24 MP: 2/2
   192 | D:1      | Found a faded altar of an unknown god.
   389 | D:1      | You fall into a shaft and drop 1 floor!
   591 | D:2      | Noticed Jessica
   606 | D:2      | Killed Jessica
   607 | D:2      | Reached skill level 1 in Dodging
   607 | D:2      | Reached XP level 3. HP: 4/30 MP: 3/3
   611 | D:2      | Reached XP level 4. HP: 6/37 MP: 4/4
  1337 | D:2      | Found a radiant altar of Vehumet.
  1915 | D:2      | Identified a scroll of acquirement
  1915 | D:2      | Acquired 855 gold pieces
  2077 | D:2      | Reached skill level 4 in Armour
  2077 | D:2      | Reached XP level 5. HP: 36/42 MP: 5/5
  2090 | D:3      | Noticed Robin
  2101 | D:3      | Mangled by a gnoll

Illustrated notes

Levels and vault maps discovered:
D:1:      amcnicky_arrival_gap_in_the_tavern_cellar, layout_basic,
          hellmonk_ecumenical_altar_dog_temple
D:2:      layout_loops_ring, basic_altar, dk_noncrumbling_2, uniq_jessica
D:3:      layout_rooms, uniq_robin

Skill      XL: |  1  2  3  4 |
---------------+-------------+-----
Dodging        | 1 |  1.4
Short Blades   | 3 |  3.7
Armour         | 4 |  4.0
Fighting       | |  3.8
Shields        | |  3.6

Action                   |  1- 3 |  4- 6 || total
-------------------------+-------+-------++-------
Melee: Rapier            |    59 |    92 ||   151
  Use: Scroll            |       |     4 ||     4
       Potion            |       |     1 ||     1
Armor: Scale mail        |    27 |    52 ||    79
Dodge: Dodged            |    37 |    53 ||    90
Block: Buckler           |    10 |    26 ||    36

Table legend: (Time is in decaauts)
 A = Elapsed time spent in this place.
 B = Non-inter-level travel time spent in this place.
 C = Inter-level travel time spent in this place.
 D = Time resting spent in this place.
 E = Time spent auto-exploring this place.
 F = Levels seen in this place.
 G = Mean time per level.
                   A        B        C        D        E       F      G
               +--------+--------+--------+--------+--------+-----+--------+
         Total |   2112 |   1988 |    124 |    130 |   1514 |   3 |  704.0 |
       Dungeon |   2112 |   1988 |    124 |    130 |   1514 |   3 |  704.0 |
               +--------+--------+--------+--------+--------+-----+--------+

Top non-repeatable levels by time:
     D:2: 1355 daAuts
     D:1: 735 daAuts
     D:3: 21 daAuts
